 Dungeon Crawl Stone Soup version 0.31.0-9-g3a7656b989 (webtiles) character file.

Game seed: 17939050162159557066

20576 MrIGI the Brawler (level 12, -1/113 HPs)
             Began as a Troll Fighter on Jan 30, 2024.
             Was an Elder of Wu Jian.
             Slain by a fire elemental (11 damage)
             ... summoned by a deep elf pyromancer
             ... on level 14 of the Dungeon.
             The game lasted 00:35:24 (9415 turns).

MrIGI the Brawler (Troll Fighter)                   Turns: 9415, Time: 00:35:25

Health: -1/113     AC:  9    Str: 31    XL:     12   Next: 46%
Magic:  11/11      EV: 10    Int:  4    God:    Wu Jian [****..]
Gold:   1096       SH: 15    Dex:  9    Spells: 11/11 levels left

rFire   . .          .
                       - Unarmed
rCold   + . .        b - +0 kite shield
rNeg    . . .        n - +1 acid dragon scales
rPois   .            (helmet restricted)
rElec   .            (no cloak)
rCorr   +            (gloves unavailable)
SInv    +            (boots unavailable)
Will    .....        D - amulet of reflection
Stlth   +            m - ring of protection from cold
HPRegen 1.18/turn    Q - ring of see invisible
MPRegen 0.12/turn

%: reflection
@: about to teleport
A: large, unfitting armour, claws 3, regeneration 1, shaggy fur 1, tough skin 1
a: Renounce Religion, Wall Jump, Serpent's Lash


You were on level 14 of the Dungeon.
You worshipped Wu Jian.
Wu Jian was greatly pleased with you.
You visited 2 branches of the dungeon, and saw 15 of its levels.
You also visited: Ossuary.

You collected 1096 gold pieces.

Inventory:

Hand Weapons
 I - a +7 sling of freezing
 K - a +0 orcbow
 O - the +7 long sword of Conflict {vamp, Will+ Int+4}
   (You found it on level 12 of the Dungeon)

   Int+4:     It affects your intelligence (+4).
   Will+:     It increases your willpower.
Armour
 a - a +0 robe
 b - a +0 kite shield (worn)
 e - a +0 robe
 k - a +0 helmet
 n - +1 acid dragon scales (worn)
 R - +0 acid dragon scales
Magical Staves
 l - a staff of cold
Jewellery
 m - a ring of protection from cold (left claw)
 u - an amulet of the acrobat
 D - an amulet of reflection (around neck)
 Q - a ring of see invisible (right claw)
 S - a ring of resist corrosion
 T - a ring of protection from fire
Talismans
 M - a blade talisman
Wands
 H - a wand of flame (22)
 J - a wand of polymorph (8)
 P - a wand of digging (5)
Scrolls
 f - 5 scrolls of immolation
 g - 4 scrolls of enchant weapon
 h - 3 scrolls of enchant armour
 i - 2 scrolls of revelation {unknown}
 p - 4 scrolls of teleportation
 s - 5 scrolls of noise
 v - 3 scrolls of poison {unknown}
 x - a scroll of blinking {unknown}
 y - 4 scrolls of vulnerability {unknown}
 z - 3 scrolls of amnesia
 B - 2 scrolls of fog {unknown}
 C - 2 scrolls of fear {unknown}
 E - 3 scrolls of butterflies {unknown}
 L - 2 scrolls of identify
Potions
 c - 5 potions of might
 d - 3 potions of enlightenment
 j - 12 potions of curing
 o - 5 potions of brilliance
 q - 4 potions of attraction {unknown}
 r - 2 potions of invisibility {unknown}
 t - 3 potions of berserk rage {unknown}
 w - 4 potions of heal wounds
 A - 4 potions of lignification {unknown}
 F - 2 potions of cancellation {unknown}
 G - 2 potions of resistance {unknown}
 N - 2 potions of haste {unknown}
 U - a potion of magic {unknown}


   Skills:
 * Level 5.8 Fighting
 - Level 0.1 Armour
 - Level 5.5 Dodging
 + Level 8.4 Shields
 + Level 16.4 Unarmed Combat
 * Level 2.6 Evocations


You had 11 spell levels left.
You didn't know any spells.
Your spell library contained the following spells:

 Spells                   Type           Power      Damage    Failure   Level
 Kiss of Death            Conj/Necr      0%         2d5       73%         1
 Confusing Touch          Hex            0%         N/A       97%         3
 Dazzling Flash           Conj/Hex       0%         N/A       97%         3
 Volatile Blastmotes      Fire/Tloc      0%         2d10      97%         3
 Dispel Undead            Necr           0%         3d6       100%        4
 Starburst                Conj/Fire      0%         6d3       100%        6
 Maxwell's Capacitive Co  Air            0%         ∞         100%        8


Dungeon Overview and Level Annotations

Branches:
Dungeon (14/15)            Temple (1/1) D:4            Lair (0/5) D:9
    Orc (0/2) D:9          Vaults (0/5) D:13        Ossuary (visited)

Altars:
Ashenzari
Cheibriados
Dithmenos
Elyvilon
Fedhas
Gozag
Hepliaklqana
Kikubaaqudgha
Makhleb
Nemelex Xobeh
Okawaru
Qazlal
Ru
Sif Muna
Trog
Uskayaw
Vehumet
Wu Jian
Xom
Yredelemnul
Zin
The Shining One

Shops:
D:10 :

Annotations:
D:14 Agnes


Innate Abilities, Weirdness & Mutations

You are too large for most types of armour.
You have claws for hands.
Your natural rate of healing is unusually fast.
You are covered in fur. (AC +1)
You have tough skin. (AC +1)


Message History

The tengu warrior claws you but does no damage.
The tengu warrior closely misses you.
The tengu warrior pecks you but does no damage.
The tengu warrior claws you but does no damage.
You feel much better. The tengu warrior slips past you!
The tengu warrior completely misses you.
You block the tengu warrior's attack.
The tengu warrior claws you but does no damage.
The deep elf pyromancer mumbles some strange words.
The deep elf pyromancer blinks!
You miss the tengu warrior.
The tengu warrior is heavily wounded.
The tengu warrior hits you with a +0 glaive!!
* * * LOW HITPOINT WARNING * * *
You block the tengu warrior's attack. x2
You mangle the tengu warrior!!
You kill the tengu warrior!
The Council accepts your kill.
The deep elf pyromancer casts a spell.
You barely miss the fire elemental. You block the fire elemental's attack.
You mangle the fire elemental!!
The fire elemental is almost destroyed.
You hear a shout!
You block the fire elemental's attack.
You closely miss the fire elemental.
The fire elemental is almost destroyed.
The tengu warrior shouts!
The fire elemental hits you. The fire elemental burns you!
* * * LOW HITPOINT WARNING * * *
The fire elemental closely misses you.
The deep elf pyromancer casts a spell.
As you read the scroll of teleportation, it crumbles to dust.
You feel strangely unstable. You block the fire elemental's attack.
The fire elemental hits you. The fire elemental burns you!
* * * LOW HITPOINT WARNING * * *
You mangle the fire elemental!!
You destroy the fire elemental!
The fire elemental disappears in a puff of smoke!
The fire elemental hits you. The fire elemental burns you!
You die...

.# ..# ...#
#######...
#......Q#
#....$..#
#.E.....#..
#@§°).....#
###°......# ..#
°..e...## ..####
....#.E○.# ......
#....#....##......
#..... ...........
#....######.#.....
+..EEe............
#.......


You could see a tengu warrior, a deep elf pyromancer and 2 fire elementals.

Vanquished Creatures
  A centaur warrior (D:13)
  A boulder beetle (D:11)
  4 two-headed ogres
  A tengu warrior (D:14)
  A demonic crawler (D:11)
  Lodul (D:12)
  A manticore (D:13)
  2 cyclopes
  Joseph (D:7)
  Maggie (D:7)
  An unseen horror (D:13)
  A komodo dragon (D:13)
  A polar bear (D:11)
  3 trolls
  A hornet (D:10)
  A centaur simulacrum (D:11)
  4 slime creatures (D:13)
  16 yaks
  A vampire (D:10)
  3 shadows
  4 wraiths
  2 wyverns (D:8)
  A basilisk (shapeshifter) (D:13)
  2 basilisks
  6 vampire mosquitoes
  2 acid dragons
  3 swamp worms (D:11)
  7 water moccasins
  2 orc warriors
  4 sky beasts
  4 ice beasts
  10 ogres
  8 centaurs
  A phantom (D:6)
  A kobold brigand (D:9)
  2 bullfrogs
  11 scorpions
  13 wights
  3 killer bees (D:9)
  2 electric eels (D:11)
  2 bombardier beetles
  A jelly (D:6)
  4 human zombies (Ossuary)
  An orc priest (D:10)
  2 gnoll boudas
  An iguana (D:6)
  3 scorpion zombies (Ossuary)
  A sleepcap (D:7)
  8 orc wizards
  3 mummies (Ossuary)
  13 gnolls
  7 adders
  A shadow imp (D:7)
  5 white imps
  2 adder zombies (Ossuary)
  24 orcs
  4 endoplasms
  A giant cockroach (D:2)
  6 goblins
  5 hobgoblins
  11 jackals
  2 quokkas (D:1)
  7 ball pythons
  A ball python zombie (Ossuary)
  3 bats
  2 frilled lizards (D:1)
  6 jackal zombies (Ossuary)
  8 kobolds
268 creatures vanquished.

Notes
Turn   | Place    | Note
-------+----------+-------------------------------------------
     0 | D:1      | MrIGI the Troll Fighter began the quest for the Orb.
     0 | D:1      | Reached XP level 1. HP: 22/22 MP: 0/0
    85 | D:1      | Reached XP level 2. HP: 29/29 MP: 1/1
   904 | D:2      | Reached XP level 3. HP: 36/36 MP: 2/2
  1281 | D:3      | Reached skill level 3 in Unarmed Combat
  1281 | D:3      | Reached XP level 4. HP: 44/44 MP: 3/3
  1609 | D:3      | Found a hide-covered altar of Uskayaw.
  1638 | D:3      | Reached XP level 5. HP: 52/52 MP: 4/4
  1805 | D:4      | Noticed an ogre
  1883 | D:5      | Entered Level 5 of the Dungeon
  1932 | D:5      | Found a radiant altar of Vehumet.
  1932 | D:5      | Found a blossoming altar of Fedhas.
  1939 | D:5      | Reached skill level 4 in Unarmed Combat
  1953 | D:5      | Reached XP level 6. HP: 52/59 MP: 5/5
  1958 | D:5      | Reached skill level 5 in Unarmed Combat
  2019 | D:5      | Noticed a water moccasin
  2028 | D:5      | Killed a water moccasin
  2126 | D:5      | Reached XP level 7. HP: 67/67 MP: 6/6
  2198 | D:5      | Reached skill level 6 in Unarmed Combat
  2221 | D:5      | Found an iron altar of Okawaru.
  2360 | D:5      | Found a sand-covered staircase.
  2367 | Ossuary  | Entered an ossuary
  2480 | Ossuary  | Reached skill level 7 in Unarmed Combat
  2578 | Ossuary  | Reached XP level 8. HP: 74/75 MP: 7/7
  2606 | Ossuary  | Reached skill level 8 in Unarmed Combat
  2890 | D:3      | Found a sacrificial altar of Ru.
  3097 | D:4      | Found a staircase to the Ecumenical Temple.
  3103 | Temple   | Entered the Ecumenical Temple
  3124 | Temple   | Became a worshipper of the Wu Jian Council
  3562 | D:6      | Reached skill level 9 in Unarmed Combat
  3826 | D:6      | Reached XP level 9. HP: 83/83 MP: 8/8
  3861 | D:6      | Reached skill level 10 in Unarmed Combat
  3967 | D:6      | Reached skill level 5 in Shields
  4203 | D:7      | Noticed Joseph
  4215 | D:7      | Killed Joseph
  4284 | D:7      | Noticed Maggie
  4297 | D:7      | Killed Maggie
  4298 | D:7      | Reached skill level 11 in Unarmed Combat
  4425 | D:7      | Reached * piety under Wu Jian
  5057 | D:8      | Found a snail-covered altar of Cheibriados.
  5143 | D:8      | Reached skill level 12 in Unarmed Combat
  5159 | D:8      | Reached XP level 10. HP: 92/92 MP: 9/9
  5958 | D:9      | Reached skill level 13 in Unarmed Combat
  5986 | D:9      | Reached ** piety under Wu Jian
  6042 | D:9      | Noticed a two-headed ogre
  6047 | D:9      | Killed a two-headed ogre
  6081 | D:9      | Reached skill level 14 in Unarmed Combat
  6242 | D:9      | Reached XP level 11. HP: 100/100 MP: 10/10
  6255 | D:9      | Found a staircase to the Orcish Mines.
  6385 | D:9      | Found a staircase to the Lair.
  6541 | D:9      | Noticed a two-headed ogre
  6549 | D:9      | Killed a two-headed ogre
  6596 | D:10     | Entered Level 10 of the Dungeon
  6605 | D:10     | Noticed a two-headed ogre
  6615 | D:10     | Killed a two-headed ogre
  6616 | D:10     | Reached skill level 5 in Dodging
  6754 | D:11     | Noticed a two-headed ogre
  6765 | D:11     | Killed a two-headed ogre
  6766 | D:11     | Reached skill level 15 in Unarmed Combat
  6821 | D:11     | Noticed a demonic crawler
  6826 | D:12     | Identified the +7 long sword of Conflict {vamp, Will+
                  | Int+4}
  6835 | D:12     | Reached *** piety under Wu Jian
  6893 | D:12     | Noticed Lodul
  7024 | D:11     | Noticed a boulder beetle
  7069 | D:11     | Killed a boulder beetle
  7319 | D:10     | Reached skill level 5 in Fighting
  7446 | D:10     | Found Gell's Book Emporium.
  7777 | D:11     | Killed a demonic crawler
  7778 | D:11     | Reached skill level 1 in Evocations
  8193 | D:11     | Reached XP level 12. HP: 111/111 MP: 11/11
  8557 | D:12     | Killed Lodul
  8673 | D:12     | Reached skill level 16 in Unarmed Combat
  8940 | D:12     | Reached **** piety under Wu Jian
  9064 | D:13     | Noticed a centaur warrior
  9069 | D:13     | Killed a centaur warrior
  9357 | D:13     | Found a gate to the Vaults.
  9357 | D:13     | Noticed a vault guard
  9357 | D:13     | Noticed a vault guard
  9357 | D:13     | Noticed a vault guard
  9357 | D:13     | Noticed a vault guard
  9357 | D:13     | Noticed a boulder beetle
  9357 | D:13     | Noticed a centaur warrior
  9377 | D:14     | Noticed Agnes
  9377 | D:14     | Noticed a tengu warrior
  9377 | D:14     | Noticed a catoblepas
  9379 | D:14     | Noticed a tengu warrior
  9382 | D:14     | HP: 1/113 [Agnes/+0 lajatang of electrocution (11)]
  9403 | D:14     | Killed a tengu warrior
  9415 | D:14     | Slain by a fire elemental

Illustrated notes

Levels and vault maps discovered:
D:1:      hellmonk_arrival_library, layout_basic
D:2:      layout_basic
D:3:      layout_rooms, nicolae_overflow_hidden_temple
D:4:      layout_cave_pools, minmay_temple_entry_hall
D:5:      layout_cave_pools, nicolae_overflow_two_pavilions,
          hellmonk_okawaru_the_only_friend_you_need,
          chequers_ossuary_entry_cave, minivault_24
D:6:      layout_loops_ring
D:7:      layout_cave_pods, uniq_maggie, uniq_joseph
D:8:      layout_loops_corners, cheibriados_altar_1
D:9:      layout_rooms, minmay_lair_entry_grove, orc_0_dummy,
          minmay_misc_feat_hallway
D:10:     layout_irregular_city, serial_shops, shop
D:11:     layout_cave_pods, serial_ice, serial_ice_o, serial_ice_b,
          serial_ice_m, serial_ice_k, worms_lemuel
D:12:     layout_loops_ring, gauntlet_entry_generic, uniq_lodul
D:13:     layout_irregular_city, lightli_vaults_fourway_checkpoint,
          nicolae_kite_square_tiling_tiny
D:14:     layout_basic, minmay_stone_trees_small, uniq_agnes, uniq_snorg
Temple:   nicolae_temple_slightly_damp_pantheon

Skill      XL: |  1  2  3  4  5  6  7  8  9 10 11 12 |
---------------+-------------------------------------+-----
Shields        | 3 4 5 6 7 8 |  8.4
Unarmed Combat | 3 4 5 7 9 12 14 15 16 | 16.4
Dodging        | 3 4 5 |  5.5
Fighting       | 3 4 5 |  5.8
Evocations     | 1 2 |  2.6
Armour         | |  0.1

Action                     |  1- 3 |  4- 6 |  7- 9 | 10-12 || total
---------------------------+-------+-------+-------+-------++-------
  Melee: Unarmed           |    81 |   114 |   281 |   403 ||   879
Ability: Lunge             |       |       |     9 |    32 ||    41
         Whirlwind         |       |       |       |     7 ||     7
         Wall Jump         |       |       |       |     1 ||     1
    Use: Scroll            |       |       |     8 |     5 ||    13
         Potion            |       |       |       |     2 ||     2
 Armour: Robe              |    22 |       |       |       ||    22
         Acid dragon scale |    27 |    73 |   107 |   190 ||   397
  Dodge: Dodged            |    33 |    48 |    54 |    89 ||   224
  Block: Kite shield       |    31 |    50 |   127 |   229 ||   437
         Reflection        |       |       |     5 |    22 ||    27
